 Dungeon Crawl Stone Soup version 0.26-a0-651-gb41185065b (webtiles) character file.

Game seed: 11617867852643143023

154 Irenicus the Digger (level 5, 23/42 HPs)
             Began as a Deep Dwarf Earth Elementalist on Oct 11, 2020.
             Was a Follower of Makhleb.
             Quit the game on level 3 of the Dungeon.
             The game lasted 00:13:00 (1958 turns).

Irenicus the Digger (Deep Dwarf Earth Elementalist) Turns: 1958, Time: 00:13:00

Health: 23/42      AC:  7    Str: 14    XL:     5   Next: 13%
Magic:  2/6        EV: 11    Int: 18    God:    Makhleb [*.....]
Gold:   151        SH:  0    Dex: 13    Spells: 1/7 levels left

rFire    . . .     SeeInvis .   j - +0 dagger
rCold    . . .     Faith    .   (no shield)
rNeg     . . .     Spirit   .   a - +0 ring mail (curse)
rPois    .         Reflect  .   (no helmet)
rElec    .         Harm     .   o - +0 cloak
rCorr    .         Rampage  .   f - +0 pair of gloves
MR       .....                  (no boots)
Stlth    +.........             (no amulet)
HPRegen  0.00/turn              (no ring)
MPRegen  0.10/turn              (no ring)

@: very slightly contaminated, non-regenerating
A: damage resistance, heal wounds, clever 1, sense surroundings 1, strong 1, no
regeneration
a: Heal Wounds, Renounce Religion


You were on level 3 of the Dungeon.
You worshipped Makhleb.
Makhleb was aware of your devotion.
You visited 1 branch of the dungeon, and saw 4 of its levels.

You collected 151 gold pieces.

Inventory:

Hand Weapons
 j - a +0 dagger (weapon)
   (You took it off a goblin on level 2 of the Dungeon)
Armour
 a - a cursed +0 ring mail (worn)
   (You found it on level 1 of the Dungeon)
 f - a +0 pair of gloves (worn)
   (You found it on level 2 of the Dungeon)
 o - a +0 cloak (worn)
   (You found it on level 3 of the Dungeon)
Jewellery
 h - an uncursed ring of fire {rF+, rC-}
   (You found it on level 2 of the Dungeon)
Wands
 l - a wand of polymorph (8)
   (You took it off Ijyb on level 3 of the Dungeon)
Scrolls
 c - 3 scrolls of identify
 d - 5 scrolls of remove curse
 i - 2 scrolls of amnesia {unknown}
 k - a scroll of teleportation {unknown}
 m - a scroll of fog {unknown}
Potions
 e - a potion of heal wounds
 g - a potion of curing {unknown}
 n - 2 potions of degeneration {unknown}


   Skills:
 + Level 1.8 Short Blades
 - Level 2.1 Dodging
 - Level 2.4 Stealth
 - Level 1.7 Spellcasting
 - Level 0.8 Transmutations
 - Level 7.1 Earth Magic


You had one spell level left.
You knew the following spells:

 Your Spells              Type           Power        Failure   Level
a - Sandblast             Erth           ####..       1%          1
w - Passwall              Tmut/Erth      ###.....     11%         2
x - Stone Arrow           Conj/Erth      ##....       26%         3

Your spell library contained the following spells:

 Spells                   Type           Power        Failure   Level
 Corona                   Hex            #......      36%         1
 Ensorcelled Hibernation  Hex/Ice        #.....       50%         2
 Lee's Rapid Deconstruct  Erth           ####......   50%         5
 Petrify                  Tmut/Erth      ###.....     58%         4
 Confusing Touch          Hex            #.......     75%         3
 Dazzling Flash           Conj/Hex       #.....       75%         3
 Tukima's Dance           Hex            #.......     75%         3


Dungeon Overview and Level Annotations

Branches:
Dungeon (4/15)
 Temple: D:4-7

Altars:
Elyvilon
Fedhas
Gozag
Hepliaklqana
Makhleb
Qazlal
Uskayaw
Vehumet
Zin

Shops:
D:4 ?


Innate Abilities, Weirdness & Mutations

You are resistant to damage.
You can heal yourself by infusing magical energy.
You passively map a small area around you.
You do not regenerate.
Your mind is acute. (Int +2)
Your muscles are strong. (Str +2)


Message History

The hound bites you but does no damage. x2
You barely miss the hound.
The hound is severely wounded.
The hound closely misses you.
You hit the hound but do no damage.
The hound is severely wounded.
The hound bites you but does no damage.
You closely miss the hound.
The hound is severely wounded.
The hound bites you but does no damage. The hound closely misses you.
You hit the hound.
The hound is severely wounded.
The hound closely misses you.
MP restored: 6 You closely miss the hound.
The hound is severely wounded.
The hound barely misses you. The hound bites you but does no damage.
You hit the hound.
The hound is almost dead.
The hound barely misses you.
You hit the hound but do no damage.
The hound is almost dead.
The hound bites you. x2
* * * LOW HITPOINT WARNING * * *
You take 3 damage, and have 9/36 hp.
You are too injured to fight recklessly!
You are too injured to fight recklessly!
You are too injured to fight recklessly!
You are too injured to fight recklessly!
You are too injured to fight recklessly!
You hit the hound.
You kill the hound!
Makhleb accepts your kill.
You have reached level 5!
MP restored: 7 This spell is quite dangerous to cast!
Memorise Stone Arrow, consuming 3 spell levels and leaving 1?
You start memorising the spell.
You continue memorising. x3
You finish memorising.
Spell assigned to 'x'.
Found 11 gold pieces.
Found Plog's Magic Scroll Shop.
You now have 151 gold pieces (gained 17).
c - 3 scrolls of identify (gained 1)
A hound comes into view.
The hound barks!
You hear a shout!
An orc comes into view. It is wielding a +0 mace.
You hear a shout!
An adder and an orc come into view.
An orc wizard comes into view. It is wielding a +1 dagger of speed.
Casting: Sandblast (safe; 1% risk of failure)
Confirm with . or Enter, or press ? or * to list all spells.
The spell is quite dangerous to cast (26% risk of failure)!
Continue anyway?
Okay, then.
There are monsters nearby!
Casting: Stone Arrow (quite dangerous; 26% risk of failure)
Confirm with . or Enter, or press ? or * to list all spells.
The spell is quite dangerous to cast (26% risk of failure)!
Continue anyway?
Aiming: Stone Arrow (quite dangerous; 26% risk of failure)
Press: ? - help, Shift-Dir - straight line, f - hound
Aim: a hound The stone arrow hits the hound!
The hound is heavily wounded.
The hound bites you but does no damage.
You now have 4/7 mp.
The hound bites you but does no damage.
Casting: Stone Arrow (quite dangerous; 26% risk of failure)
Confirm with . or Enter, or press ? or * to list all spells.
The spell is quite dangerous to cast (26% risk of failure)!
Continue anyway?
Okay, then.
Casting: Stone Arrow (quite dangerous; 26% risk of failure)
Confirm with . or Enter, or press ? or * to list all spells.
The spell is quite dangerous to cast (26% risk of failure)!
Continue anyway?
Aiming: Stone Arrow (quite dangerous; 26% risk of failure)
Press: ? - help, Shift-Dir - straight line, f/p - hound
Aim: a hound (heavily wounded)
You miscast Stone Arrow.
You are very lightly contaminated with residual magic.
Nothing appears to happen.
The hound bites you but does no damage.
The orc wizard mumbles some strange words.
The orc wizard flickers and vanishes!
Deactivating autopickup; reactivate with Ctrl-A.
You now have 1/7 mp.
The hound barely misses you.
A puff of flame appears from out of thin air!
The puff of flame hits you!
* * * LOW HITPOINT WARNING * * *
You take 7 damage, and have 3/42 hp.
The hound barely misses you. The adder misses you.
The hound closely misses you.
There is a stone staircase leading up here.
The adder closely misses you. The hound bites you.
* * * LOW HITPOINT WARNING * * *
You climb upwards.
Reactivating autopickup.
There is a stone staircase leading down here.
You take 2 damage, and have 1/42 hp.
Your magical essence is drained by the effort!
You feel much better. The adder bites you. The hound bites you.
The adder bites you but does no damage. The hound bites you.
You regained 22 hp, and now have 23/42 hp.
Are you sure you want to abandon this character and quit the game? (Confirm with "yes".)

#<........#...#.#.
#.........#...#.## ######
###'###.......+..# #....#
#...........#.##
#####.##.#
#########.#.....
#......#.# #######.#.#.#.
#.###..#.# #.......#.#.#.
## #.#
#..#.########.#######.#.#.
.# #.#
#..#.#..h@S...........#.#.
.# #.#
####.#.######.#########.#.
.# #.# * #.#.#
#.........#.#. .# #.#.#
#.#.##############.#.## .#
#.#.#
#.#.#...........##.#.#* .#
#.#.# #.#.#.#########.##.#
, .# #.#.# #.#[#.###
#.##.# .# #.#.####.#....?#
#.##.# .# #.#.#....###.#.#
#.##.#


You could see a hound and an adder.

Vanquished Creatures
  A hound (D:4)
  Ijyb (D:3)
  2 adders
  An ooze (D:1)
  A worm (D:2)
  4 dart slugs
  An orc (D:3)
  3 giant cockroaches
  9 goblins
  10 hobgoblins
  4 jackals
  A quokka (D:3)
  10 bats
  3 frilled lizards
  8 kobolds
  5 rats
64 creatures vanquished.

Notes
Turn   | Place    | Note
-------+----------+-------------------------------------------
     0 | D:1      | Irenicus the Deep Dwarf Earth Elementalist began the quest
                  | for the Orb.
     0 | D:1      | Reached XP level 1. HP: 15/15 MP: 3/3
   106 | D:1      | HP: 3/15 [hobgoblin/+0 club (4)]
   110 | D:1      | Reached XP level 2. HP: 4/22 MP: 0/4
   122 | D:1      | Reached skill level 5 in Earth Magic
   559 | D:1      | Reached XP level 3. HP: 5/28 MP: 1/5
   661 | D:1      | Learned a level 2 spell: Passwall
   775 | D:2      | Found a burning altar of Makhleb.
   781 | D:2      | Found a glowing silver altar of Zin.
   781 | D:2      | Noticed a balrug
   781 | D:2      | Noticed an angel
   784 | D:2      | Became a worshipper of Makhleb the Destroyer
   834 | D:2      | Found a white marble altar of Elyvilon.
   872 | D:2      | Gained mutation: Your mind is acute. (Int +2) [potion of
                  | mutation]
   872 | D:2      | Gained mutation: Your muscles are strong. (Str +2) [potion
                  | of mutation]
   893 | D:2      | Reached skill level 6 in Earth Magic
   996 | D:2      | Found a stormy altar of Qazlal.
   997 | D:2      | Found a blossoming altar of Fedhas.
  1132 | D:2      | Found a radiant altar of Vehumet.
  1132 | D:2      | Found a hide-covered altar of Uskayaw.
  1134 | D:2      | Found a hazy altar of Hepliaklqana.
  1135 | D:2      | Found an opulent altar of Gozag.
  1333 | D:3      | Noticed Ijyb
  1350 | D:3      | Killed Ijyb
  1350 | D:3      | Reached * piety under Makhleb
  1350 | D:3      | Reached XP level 4. HP: 24/36 MP: 1/6
  1476 | D:3      | Reached skill level 7 in Earth Magic
  1875 | D:4      | Reached skill level 1 in Short Blades
  1927 | D:4      | HP: 9/36 [hound (2)]
  1928 | D:4      | Reached XP level 5. HP: 10/42 MP: 7/7
  1933 | D:4      | Learned a level 3 spell: Stone Arrow
  1934 | D:4      | Found Plog's Magic Scroll Shop.
  1951 | D:4      | HP: 3/42 [something/puff of flame (7)]
  1955 | D:4      | HP: 1/42 [hound (2)]
  1958 | D:3      | Quit the game

Illustrated notes

Levels and vault maps discovered:
D:1:      wander_arrival_desolate, layout_basic
D:2:      layout_basic, grunt_temple_overflow_order_and_chaos_2,
          grunt_temple_overflow_open, elyvilon_altar_5
D:3:      layout_basic, st_stairs_6, uniq_ijyb
D:4:      layout_cave_pools, serial_shops, nicolae_shop_waterfront

Skill      XL: |  1  2  3  4 |
---------------+-------------+-----
Earth Magic    | 5 6 7 |  7.1
Short Blades   | 1 |  1.8
Dodging        | |  2.1
Stealth        | |  2.4
Spellcasting   | |  1.7
Transmutations | |  0.8

Action                   |  1- 3 |  4- 6 || total
-------------------------+-------+-------++-------
Melee: Club              |    83 |       ||    83
       Dagger            |    38 |    82 ||   120
 Cast: Sandblast         |    49 |     8 ||    57
       Passwall          |     7 |    13 ||    20
       Stone Arrow       |       |     1 ||     1
 Abil: Heal Wounds       |     2 |     1 ||     3
  Use: Scroll            |     3 |     1 ||     4
       Potion            |     4 |       ||     4
 Stab: Sleeping          |     1 |     3 ||     4
Armor: Robe              |     5 |       ||     5
       Ring mail         |    73 |    46 ||   119
       Skin              |     7 |       ||     7
Dodge: Dodged            |   133 |    76 ||   209

Table legend: (Time is in decaauts)
 A = Elapsed time spent in this place.
 B = Non-inter-level travel time spent in this place.
 C = Inter-level travel time spent in this place.
 D = Time resting spent in this place.
 E = Time spent auto-exploring this place.
 F = Levels seen in this place.
 G = Mean time per level.
                   A        B        C        D        E       F      G
               +--------+--------+--------+--------+--------+-----+--------+
         Total |   1961 |   1910 |     51 |      7 |      0 |   4 |  490.2 |
       Dungeon |   1961 |   1910 |     51 |      7 |      0 |   4 |  490.2 |
               +--------+--------+--------+--------+--------+-----+--------+

Top non-repeatable levels by time:
     D:1: 727 daAuts
     D:3: 666 daAuts
     D:2: 485 daAuts
     D:4: 81 daAuts

Table legend:
 A = Kills in this place as a percentage of kills in entire the game.
 B = Kills by you in this place as a percentage of kills by you in the entire game.
 C = Kills by friends in this place as a percentage of kills by friends in the entire game.
 D = Other kills in this place as a percentage of other kills in the entire game.
 E = Experience gained in this place as a percentage of experience gained in the entire game.
 F = Experience gained in this place divided by the number of levels of this place that you have seen.
                   A       B       C       D       E      F
               +-------+-------+-------+-------+-------+----------------------
         Total | 100.0 | 100.0 |   N/A |   N/A | 100.0 |  55.0
       Dungeon | 100.0 | 100.0 |   N/A |   N/A | 100.0 |  55.0
               +-------+-------+-------+-------+-------+----------------------
